HSSL
BROKEN ARROW HS @ COWETA HS TIGERS
04/05/2027
 
TOP OF THE 1ST
Broken Arrow HS batting - Pitching for Coweta HS Tigers : RHP Ron Hawkins
Pitching: RHP Ron Hawkins
Batting: LHB José Esparza 0-0: Ball
1-0: Called Strike
1-1: SINGLE (Line Drive, 56D)
Batting: RHB David Adams 0-0: Ball
José Esparza steals 2nd base
1-0: Called Strike
1-1: Ball
2-1: Fly out, F8 (Flyball, 8RD)
Batting: LHB Brian Lawson 0-0: 2-RUN HOME RUN (Line Drive, 89XD), Distance : 421 ft
Batting: RHB Steve Boyer 0-0: Ball
1-0: Swinging Strike
1-1: Called Strike
1-2: Foul Ball, location: 2F
1-2: Strikes out looking
Batting: LHB Jesús Zamora 0-0: Called Strike
0-1: Foul Ball, location: 2F
0-2: Ball
1-2: Strikes out swinging, 2-3 out at first.
Top of the 1st over - 2 run(s), 2 hit(s), 0 error(s), 0 left on base; Broken Arrow HS 2 - Coweta HS 0
BOTTOM OF THE 1ST
Coweta HS Tigers batting - Pitching for Broken Arrow HS : LHP Arturo Rea
Pitching: LHP Arturo Rea
Batting: LHB Jamie Walker 0-0: Ball
1-0: Ball
2-0: Swinging Strike
2-1: Ball
3-1: Base on Balls
Batting: RHB Luis Brito 0-0: Ball
1-0: Single, Error in OF, E7, batter to second base
Jamie Walker to third
Batting: LHB Vito Ramírez 0-0: Called Strike
0-1: Ball
1-1: Fly out, F9 (Flyball, 89D)
Runner from 3rd tags up, SCORES, no throw
Batting: RHB Dan Britt 0-0: Called Strike
0-1: Ground out 6-3 (Groundball, 6)
Batting: RHB Garth O'Flahavan 0-0: Ball
1-0: Called Strike
1-1: SINGLE (Line Drive, 8LS)
Luis Brito to third
Runner from 3rd tries for Home, SAFE, no throw
Batting: LHB Joe Mobley 0-0: Ball
1-0: Called Strike
1-1: 2-RUN HOME RUN (Flyball, 9D), Distance : 385 ft
Batting: RHB Bill Tremblay 0-0: Called Strike
0-1: Foul Ball, location: 2F
0-2: Foul Ball, location: 2F
0-2: Ball
1-2: Ball
2-2: Strikes out swinging
Bottom of the 1st over - 4 run(s), 3 hit(s), 1 error(s), 0 left on base; Broken Arrow HS 2 - Coweta HS 4
TOP OF THE 2ND
Broken Arrow HS batting - Pitching for Coweta HS Tigers : RHP Ron Hawkins
Batting: RHB Ramón Santos 0-0: Called Strike
0-1: Swinging Strike
0-2: Ground out 6-3 (Groundball, 6)
Batting: LHB Dennis Montgomery 0-0: Ball
1-0: Called Strike
1-1: Reached on error, E5 (Groundball, 56)
Batting: RHB R.J. Tucker 0-0: Ball
1-0: Ball
2-0: Called Strike
2-1: Fly out, F5 (Popup, 5)
Batting: RHB Jon Bush 0-0: Foul Ball, location: 2F
0-1: Foul Ball, location: 2F
0-2: Foul Ball, location: 2F
0-2: Fly out, F8 (Flyball, 78M)
Top of the 2nd over - 0 run(s), 0 hit(s), 1 error(s), 1 left on base; Broken Arrow HS 2 - Coweta HS 4
BOTTOM OF THE 2ND
Coweta HS Tigers batting - Pitching for Broken Arrow HS : LHP Arturo Rea
Batting: RHB Arthur Salyers 0-0: Called Strike
0-1: Foul Ball, location: 2F
0-2: Fly out, F8 (Flyball, 8LS)
Batting: RHB Todd Slater 0-0: Called Strike
0-1: Ball
1-1: Ball
2-1: Ball
3-1: SINGLE (Line Drive, 6D)
Batting: LHB Jamie Walker 0-0: Ball
1-0: Ball
2-0: Foul Ball, location: 2F
2-1: Swinging Strike
2-2: Fielders Choice at 2nd, 4-6 (Groundball, 4)
Batting: RHB Luis Brito 0-0: Swinging Strike
0-1: Ball
1-1: Called Strike
Jamie Walker is caught stealing 2nd base
Bottom of the 2nd over - 0 run(s), 1 hit(s), 0 error(s), 0 left on base; Broken Arrow HS 2 - Coweta HS 4
TOP OF THE 3RD
Broken Arrow HS batting - Pitching for Coweta HS Tigers : RHP Ron Hawkins
Batting: LHB José Esparza 0-0: DOUBLE (Groundball, 3L)
Batting: RHB David Adams 0-0: Ball
1-0: Ball
Wild Pitch!
José Esparza to third
2-0: Called Strike
2-1: Foul Ball, location: 2F
2-2: Ball
3-2: Base on Balls
Batting: LHB Brian Lawson 0-0: Ball
1-0: Called Strike
1-1: Foul Ball, location: 2F
1-2: Ball
2-2: Strikes out swinging
Batting: RHB Steve Boyer 0-0: Called Strike
0-1: Ball
1-1: Foul Ball, location: 2F
1-2: Ball
2-2: Strikes out swinging
Batting: LHB Jesús Zamora 0-0: Ball
1-0: Ball
2-0: Called Strike
2-1: Ball
3-1: Base on Balls
David Adams to second
Batting: RHB Ramón Santos 0-0: Foul Ball, location: 2F
0-1: Swinging Strike
0-2: Fly out, F9 (Flyball, 9LM)
Top of the 3rd over - 0 run(s), 1 hit(s), 0 error(s), 3 left on base; Broken Arrow HS 2 - Coweta HS 4
BOTTOM OF THE 3RD
Coweta HS Tigers batting - Pitching for Broken Arrow HS : LHP Arturo Rea
Batting: RHB Luis Brito 0-0: Foul Ball, location: 2F
0-1: Foul Ball, location: 2F
0-2: Ball
1-2: Ground out 4-3 (Groundball, 4)
Batting: LHB Vito Ramírez 0-0: Foul Ball, location: 2F
0-1: Ball
1-1: Foul Ball, location: 2F
1-2: Ground out 6-3 (Groundball, 6)
Batting: RHB Dan Britt 0-0: Ball
1-0: Called Strike
1-1: Ball
2-1: Foul Ball, location: 2F
2-2: Foul Ball, location: 2F
2-2: Ball
3-2: Foul Ball, location: 2F
3-2: Foul Ball, location: 2F
3-2: Foul Ball, location: 2F
3-2: Ground out 4-3 (Groundball, 34)
Bottom of the 3rd over - 0 run(s), 0 hit(s), 0 error(s), 0 left on base; Broken Arrow HS 2 - Coweta HS 4
TOP OF THE 4TH
Broken Arrow HS batting - Pitching for Coweta HS Tigers : RHP Ron Hawkins
Batting: LHB Dennis Montgomery 0-0: Swinging Strike
0-1: Ball
1-1: Ball
2-1: Called Strike
2-2: Foul Ball, location: 2F
2-2: Fly out, F7 (Flyball, 7LSF)
Batting: RHB R.J. Tucker 0-0: Foul Ball, location: 2F
0-1: Fly out, F8 (Flyball, 89S)
Batting: RHB Jon Bush 0-0: Ball
1-0: Ball
2-0: Ball
3-0: Base on Balls
Batting: LHB José Esparza 0-0: Called Strike
0-1: Fly out, F7 (Flyball, 78D)
Top of the 4th over - 0 run(s), 0 hit(s), 0 error(s), 1 left on base; Broken Arrow HS 2 - Coweta HS 4
BOTTOM OF THE 4TH
Coweta HS Tigers batting - Pitching for Broken Arrow HS : LHP Arturo Rea
Batting: RHB Garth O'Flahavan 0-0: Ball
1-0: Ball
2-0: DOUBLE (Flyball, 78XD)
Batting: LHB Joe Mobley 0-0: Swinging Strike
0-1: Ground out 6-3 (Groundball, 6)
Batting: RHB Bill Tremblay 0-0: Ball
1-0: Called Strike
1-1: Ball
2-1: SINGLE (Line Drive, 4D)
Garth O'Flahavan to third
Batting: RHB Arthur Salyers 0-0: Swinging Strike
0-1: Called Strike
0-2: Foul Ball, location: 2F
0-2: Foul Ball, location: 2F
0-2: Foul Ball, location: 2F
0-2: SINGLE (Flyball, 8RS)
Garth O'Flahavan scores
Bill Tremblay to second
Batting: RHB Todd Slater 0-0: Ground out 6-3 (Groundball, 6MD)
Bill Tremblay to third
Arthur Salyers to second
Batting: LHB Jamie Walker 0-0: Foul Ball, location: 2F
0-1: Called Strike
0-2: Ball
1-2: Ground out 1-3 (Groundball, 13S)
Bottom of the 4th over - 1 run(s), 3 hit(s), 0 error(s), 2 left on base; Broken Arrow HS 2 - Coweta HS 5
TOP OF THE 5TH
Broken Arrow HS batting - Pitching for Coweta HS Tigers : RHP Ron Hawkins
Batting: RHB David Adams 0-0: Called Strike
0-1: Ball
1-1: Swinging Strike
1-2: Foul Ball, location: 2F
1-2: Ball
2-2: SOLO HOME RUN (Flyball, 9LD), Distance : 341 ft
Batting: LHB Brian Lawson 0-0: Foul Ball, location: 2F
0-1: Called Strike
0-2: Ball
1-2: Ball
2-2: Ball
3-2: Ground out 4-3 (Groundball, 4)
Pitching: RHP Marvin Phelps
Batting: RHB Steve Boyer 0-0: Foul Ball, location: 2F
0-1: Ground out U3 (Groundball, 34)
Batting: LHB Jesús Zamora 0-0: Ball
1-0: Ball
2-0: Ball
3-0: Called Strike
3-1: Fly out, F9 (Flyball, 9)
Top of the 5th over - 1 run(s), 1 hit(s), 0 error(s), 0 left on base; Broken Arrow HS 3 - Coweta HS 5
BOTTOM OF THE 5TH
Coweta HS Tigers batting - Pitching for Broken Arrow HS : LHP Arturo Rea
Pitching: RHP Michael Crosby
Batting: RHB Luis Brito 0-0: Called Strike
0-1: Swinging Strike
0-2: Strikes out swinging
Batting: LHB Vito Ramírez 0-0: Ball
1-0: Ball
2-0: Ball
3-0: Base on Balls
Batting: RHB Dan Britt 0-0: Ball
1-0: DOUBLE (Line Drive, 89D)
Vito Ramírez to third
Runner from 3rd tries for Home, throw and OUT!
Batting: RHB Garth O'Flahavan 0-0: Swinging Strike
0-1: Ball
1-1: Fly out, F9 (Flyball, 89M)
Bottom of the 5th over - 0 run(s), 1 hit(s), 0 error(s), 1 left on base; Broken Arrow HS 3 - Coweta HS 5
TOP OF THE 6TH
Broken Arrow HS batting - Pitching for Coweta HS Tigers : RHP Marvin Phelps
Batting: RHB Ramón Santos 0-0: Ball
1-0: Ball
2-0: Ball
3-0: Base on Balls
Batting: LHB Dennis Montgomery 0-0: Called Strike
0-1: Fly out, F7 (Flyball, 7S)
Batting: RHB R.J. Tucker 0-0: Ball
1-0: Foul Ball, location: 2F
1-1: Ball
2-1: SINGLE (Flyball, 8RS)
Ramón Santos to second
Batting: RHB Jon Bush 0-0: Foul Ball, location: 2F
0-1: SINGLE (Line Drive, 4M)
Ramón Santos to third
R.J. Tucker to second
Runner from 3rd tries for Home, SAFE, throw made home
Batting: LHB José Esparza 0-0: Ball
1-0: Swinging Strike
1-1: Foul Ball, location: 2F
1-2: Strikes out looking
Batting: RHB David Adams 0-0: Called Strike
0-1: Called Strike
0-2: Ball
1-2: SINGLE (Line Drive, 56D)
R.J. Tucker to third
Jon Bush to second
Runner from 3rd tries for Home, SAFE, throw made home
Jon Bush to third
David Adams to second
Batting: LHB Brian Lawson 0-0: Ball
1-0: Ball
2-0: Swinging Strike
2-1: Ball
3-1: Base on Balls
Batting: RHB Steve Boyer 0-0: Ball
1-0: Ball
2-0: Swinging Strike
2-1: DOUBLE (Line Drive, 8RD)
Jon Bush scores
David Adams scores
Brian Lawson to third
Pitching: LHP José Agámez
Batting: LHB Jesús Zamora 0-0: Ball
1-0: Foul Ball, location: 2F
1-1: Called Strike
1-2: Strikes out swinging
Top of the 6th over - 4 run(s), 4 hit(s), 0 error(s), 2 left on base; Broken Arrow HS 7 - Coweta HS 5
BOTTOM OF THE 6TH
Coweta HS Tigers batting - Pitching for Broken Arrow HS : RHP Michael Crosby
Batting: LHB Joe Mobley 0-0: Ball
1-0: Ball
2-0: Called Strike
2-1: Ball
3-1: Base on Balls
Batting: RHB Bill Tremblay 0-0: Swinging Strike
0-1: Fly out, F3 (Popup, 34)
Batting: RHB Arthur Salyers 0-0: Ball
1-0: Grounds into double play, 6-4-3 (Groundball, 6)
Bottom of the 6th over - 0 run(s), 0 hit(s), 0 error(s), 0 left on base; Broken Arrow HS 7 - Coweta HS 5
TOP OF THE 7TH
Broken Arrow HS batting - Pitching for Coweta HS Tigers : LHP José Agámez
Batting: RHB Ramón Santos 0-0: SOLO HOME RUN (Flyball, 7D), Distance : 376 ft
Batting: LHB Dennis Montgomery 0-0: Ball
1-0: Fly out, F8 (Flyball, 78S)
Batting: RHB R.J. Tucker 0-0: Swinging Strike
0-1: Called Strike
0-2: Foul Ball, location: 2F
0-2: Ball
1-2: Ball
2-2: Foul Ball, location: 2F
2-2: Ball
3-2: DOUBLE (Flyball, 8LXD)
Batting: RHB Jon Bush 0-0: Intentional Walk
Batting: LHB José Esparza 0-0: Called Strike
0-1: Ball
1-1: SINGLE (Line Drive, 7LM)
R.J. Tucker to third
Jon Bush to second
Batting: RHB David Adams 0-0: Ball
1-0: Foul Ball, location: 2F
1-1: Ball
2-1: Foul Ball, location: 2F
2-2: Ball
3-2: Fly out, F7 (Flyball, 7D)
Runner from 3rd tags up, SCORES, no throw
Batting: LHB Brian Lawson 0-0: Ball
1-0: Ball
2-0: SINGLE (Groundball, 5D)
Jon Bush to third
José Esparza to second
Runner from 3rd tries for Home, SAFE, no throw
Pitching: LHP Scott McLeish
Batting: RHB Steve Boyer 0-0: Called Strike
0-1: Foul Ball, location: 2F
0-2: Ball
1-2: Ball
2-2: Ground out U3 (Groundball, 3L)
Top of the 7th over - 3 run(s), 4 hit(s), 0 error(s), 2 left on base; Broken Arrow HS 10 - Coweta HS 5
BOTTOM OF THE 7TH
Coweta HS Tigers batting - Pitching for Broken Arrow HS : RHP Michael Crosby
Batting: RHB Todd Slater 0-0: Called Strike
0-1: Ball
1-1: Called Strike
1-2: Ball
2-2: Ball
3-2: Base on Balls
Batting: LHB Jamie Walker 0-0: Called Strike
0-1: Called Strike
0-2: Foul Ball, location: 2F
0-2: Strikes out swinging
Batting: RHB Luis Brito 0-0: Ball
1-0: Grounds into double play, 5-4-3 (Groundball, 5L)
Bottom of the 7th over - 0 run(s), 0 hit(s), 0 error(s), 0 left on base; Broken Arrow HS 10 - Coweta HS 5
TOP OF THE 8TH
Broken Arrow HS batting - Pitching for Coweta HS Tigers : LHP Scott McLeish
Batting: LHB Jesús Zamora 0-0: Ball
1-0: Foul Ball, location: 2F
1-1: Swinging Strike
1-2: Strikes out swinging
Batting: RHB Ramón Santos 0-0: Called Strike
0-1: Ball
1-1: Called Strike
1-2: Ball
2-2: Foul Ball, location: 2F
2-2: Single, Error in OF, E7, batter to second base
Batting: LHB Dennis Montgomery 0-0: Foul Ball, location: 2F
0-1: Swinging Strike
0-2: Ball
1-2: Ball
2-2: Strikes out swinging
Batting: RHB R.J. Tucker 0-0: Called Strike
0-1: Foul Ball, location: 2F
0-2: Ball
1-2: Ball
2-2: Fly out, F7 (Flyball, 7)
Top of the 8th over - 0 run(s), 1 hit(s), 1 error(s), 1 left on base; Broken Arrow HS 10 - Coweta HS 5
BOTTOM OF THE 8TH
Coweta HS Tigers batting - Pitching for Broken Arrow HS : RHP Michael Crosby
Batting: LHB Vito Ramírez 0-0: Ball
1-0: Foul Ball, location: 2F
1-1: Ball
2-1: Foul Ball, location: 2F
2-2: Foul Ball, location: 2F
2-2: Ball
3-2: SINGLE (Groundball, 25) (infield hit)
Batting: RHB Dan Britt 0-0: Foul Ball, location: 2F
0-1: Ball
1-1: Ball
2-1: Called Strike
2-2: Ball
3-2: Ground out 6-3 (Groundball, 6)
Vito Ramírez to second
Batting: RHB Garth O'Flahavan 0-0: SINGLE (Line Drive, 6MD)
Vito Ramírez to third
Batting: LHB Joe Mobley 0-0: Ball
1-0: Foul Ball, location: 2F
1-1: Ball
2-1: Ball
3-1: Base on Balls
Garth O'Flahavan to second
Pitching: RHP Dan Montgomery
Batting: RHB Bill Tremblay 0-0: Called Strike
0-1: Ball
1-1: Ball
2-1: SINGLE (Line Drive, 8RS)
Vito Ramírez scores
Garth O'Flahavan to third
Joe Mobley to second
Runner from 3rd tries for Home, SAFE, throw made home
Batting: RHB Arthur Salyers 0-0: Ball
1-0: Ball
2-0: Ball
3-0: Called Strike
3-1: Grounds into double play, 5-4-3 (Groundball, 56)
Bottom of the 8th over - 2 run(s), 3 hit(s), 0 error(s), 1 left on base; Broken Arrow HS 10 - Coweta HS 7
TOP OF THE 9TH
Broken Arrow HS batting - Pitching for Coweta HS Tigers : LHP Scott McLeish
Batting: RHB Jon Bush 0-0: Swinging Strike
0-1: Foul Ball, location: 2F
0-2: Strikes out swinging
Batting: LHB José Esparza 0-0: Ball
1-0: Ball
2-0: Called Strike
2-1: Fly out, F6 (Line Drive, 6)
Batting: RHB David Adams 0-0: Ball
1-0: Called Strike
1-1: Foul Ball, location: 2F
1-2: Foul Ball, location: 2F
1-2: Foul Ball, location: 2F
1-2: Ball
2-2: Foul Ball, location: 2F
2-2: Ball
3-2: SINGLE (Groundball, 2L) (infield hit)
Batting: LHB Brian Lawson 0-0: Called Strike
0-1: Swinging Strike
0-2: Foul Ball, location: 2F
0-2: Strikes out swinging
Top of the 9th over - 0 run(s), 1 hit(s), 0 error(s), 1 left on base; Broken Arrow HS 10 - Coweta HS 7
BOTTOM OF THE 9TH
Coweta HS Tigers batting - Pitching for Broken Arrow HS : RHP Dan Montgomery
Pitching: RHP Rafael Martínez
Now at C: Pedro Sousa
Batting: RHB Todd Slater 0-0: Fly out, F2 (Popup, 25)
Batting: LHB Jamie Walker 0-0: Called Strike
0-1: Fly out, F7 (Flyball, 7S)
Batting: RHB Luis Brito 0-0: Called Strike
0-1: Swinging Strike
0-2: Strikes out swinging
Bottom of the 9th over - 0 run(s), 0 hit(s), 0 error(s), 0 left on base; Broken Arrow HS 10 - Coweta HS 7
Thursday, March 30th, 2017 - OOTP Baseball 17.12 Build 75